 Dungeon Crawl Stone Soup version 0.23.1 (webtiles) character file.

Game seed: 8498083936265212009

623 Marnok the Covered (level 7, 0/57 HPs)
             Began as a Demigod Fighter on Mar 6, 2019.
             Slain by an ogre
             ... wielding a +0 giant spiked club
              (23 damage)
             ... on level 4 of the Dungeon.
             The game lasted 00:17:39 (3158 turns).

Marnok the Covered (Demigod Fighter)                Turns: 3158, Time: 00:17:39

Health: 0/57       AC: 11    Str: 19    XL:     7   Next: 2%
Magic:  9/9        EV:  8    Int: 12    God:
Gold:   102        SH: 10    Dex: 19    Spells: 6/6 levels left

rFire    . . .     SeeInvis .   x - +5 short sword (freeze)
rCold    . . .     Gourm    .   c - +0 shield
rNeg     . . .     Faith    .   b - +0 scale mail
rPois    .         Spirit   .   (no helmet)
rElec    .         Reflect  .   z - +0 cloak
rCorr    .         Harm     .   B - +2 pair of gloves
MR       .....                  (no boots)
Stlth    +.........             (no amulet)
HPRegen  0.19/turn              p - +2 ring of slaying
MPRegen  0.11/turn              (no ring)

@: no status effects
A: high mp 1
a: no special abilities


You were on level 4 of the Dungeon.
You were not hungry.

You visited 1 branch of the dungeon, and saw 5 of its levels.

You collected 102 gold pieces.

Inventory:

Hand Weapons
 a - a +0 long sword
 e - a +2 dagger of venom
 t - a +2 battleaxe of chopping
 w - a +0 short sword of venom
 x - a +5 short sword of freezing (weapon)
 y - a +2 quarterstaff of chaos
Armour
 b - a +0 scale mail (worn)
 c - a +0 shield (worn)
 o - a +2 pair of gloves
 v - a +0 robe of resistance
 z - a +0 cloak (worn)
 B - a +2 pair of gloves (worn)
Jewellery
 p - a +2 ring of slaying (left hand)
 r - an uncursed ring of ice
Wands
 j - a wand of digging (7)
Scrolls
 g - 2 scrolls of amnesia
 h - a scroll of magic mapping
 l - a scroll of remove curse
 m - 4 scrolls of identify {unknown}
 s - 2 scrolls of enchant armour {unknown}
 u - 2 scrolls of teleportation {unknown}
 A - a scroll of fog
Potions
 d - a potion of might
 i - 2 potions of flight {unknown}
 k - a potion of mutation {unknown}
 n - 4 potions of lignification {unknown}
 q - a potion of degeneration {unknown}
Comestibles
 f - 5 rations


   Skills:
 + Level 3.4 Fighting
 + Level 3.6(3.9) Short Blades
 + Level 2.0(3.1) Long Blades
 + Level 4.5 Armour
 + Level 1.7 Dodging
 + Level 0.9 Stealth
 + Level 4.2 Shields


You had 6 spell levels left.
You didn't know any spells.
Your spell library was empty.

Dungeon Overview and Level Annotations

Branches:
Dungeon (5/15)
 Temple: D:4-7


Innate Abilities, Weirdness & Mutations

You have an increased reservoir of magic. (+10% MP)


Message History

You hit the leopard gecko. You freeze the leopard gecko.
The leopard gecko is almost dead.
The leopard gecko bites you but does no damage.
You miss the leopard gecko.
The leopard gecko is almost dead.
You block the leopard gecko's attack.
You puncture the leopard gecko! You freeze the leopard gecko.
You kill the leopard gecko!
m - 4 scrolls labeled ZEPAXT YLEREL (gained 1)
Found 18 bolts.
Found 14 gold pieces.
An ogre comes into view. It is wielding a +0 giant spiked club.
The ogre hits you with a +0 giant spiked club!!
You closely miss the ogre.
The ogre hits you with a +0 giant spiked club!!
* * * LOW HITPOINT WARNING * * *
Found a dagger.
There is a stone staircase leading down here.
The ogre hits you with a +0 giant spiked club!!
You die...

##....### #.[†....#
...##.### ..).###
....######
.<...#...###
.........#.#####
............#..####
................@.#
.#...#..........O.#
.##..##.....).....##
. #................#
. ........>......###
..##.....<.......#
..####..##.......##
#..##...###.....##
...###..##.##..##


You could see an ogre.

Vanquished Creatures
  Duvessa (D:4)
  Dowan (D:4)
  2 hounds
  Crazy Yiuf (D:3)
  An orc wizard (D:3)
  Ijyb (D:3)
  Jessica (D:3)
  Natasha (thrice) (D:2)
  A worker ant (D:4)
  3 gnolls (D:3)
  7 adders
  2 oozes (D:3)
  3 worms
  2 dart slugs
  7 leopard geckos
  9 orcs (D:3)
  3 giant cockroaches
  8 goblins
  10 hobgoblins
  3 kobolds
  A quokka (D:3)
  8 bats
  A frilled lizard (D:1)
  A leopard gecko skeleton (D:3)
  2 quokka skeletons (D:4)
  5 rats
  A fungus (D:3)
88 creatures vanquished.

Notes
Turn   | Place    | Note
-------+----------+-------------------------------------------
     0 | D:1      | Marnok the Demigod Fighter began the quest for the Orb.
     0 | D:1      | Reached XP level 1. HP: 18/18 MP: 3/3
   280 | D:2      | Reached XP level 2. HP: 17/25 MP: 4/4
   631 | D:1      | Reached XP level 3. HP: 26/31 MP: 5/5
   963 | D:2      | Reached skill level 1 in Short Blades
  1082 | D:2      | Noticed Natasha
  1094 | D:2      | Killed Natasha
  1094 | D:2      | Reached XP level 4. HP: 31/38 MP: 6/6
  1120 | D:2      | Reached skill level 1 in Dodging
  1254 | D:2      | Noticed Natasha
  1262 | D:2      | Killed Natasha
  1280 | D:2      | Noticed Natasha
  1288 | D:2      | Killed Natasha
  1288 | D:2      | Reached XP level 5. HP: 16/45 MP: 7/7
  1416 | D:3      | Noticed Ijyb
  1430 | D:3      | Killed Ijyb
  2004 | D:3      | Noticed Jessica
  2015 | D:3      | Killed Jessica
  2108 | D:3      | Reached XP level 6. HP: 21/51 MP: 8/8
  2582 | D:3      | Found a runed translucent door.
  2583 | D:3      | Noticed Crazy Yiuf
  2593 | D:3      | Killed Crazy Yiuf
  2796 | D:4      | Noticed Dowan
  2808 | D:4      | Noticed Duvessa
  2825 | D:4      | Killed Duvessa
  2827 | D:4      | Killed Dowan
  2970 | D:5      | Entered Level 5 of the Dungeon
  3019 | D:4      | Reached XP level 7. HP: 57/57 MP: 9/9
  3158 | D:4      | Slain by an ogre

Skill      XL: |  1  2  3  4  5  6 |
---------------+-------------------+-----
Shields        | 3 4 |  4.2
Armour         | 3 4 |  4.5
Fighting       | 3 |  3.4
Long Blades    | 2 |  2.0
Short Blades   | 1 2 3 |  3.6
Dodging        | 1 |  1.7
Stealth        | |  0.9

Action                   |  1- 3 |  4- 6 |  7- 9 || total
-------------------------+-------+-------+-------++-------
Melee: Dagger            |    88 |   171 |       ||   259
       Long sword        |     2 |       |       ||     2
       Short sword       |       |    11 |     6 ||    17
  Use: Scroll            |       |     6 |       ||     6
  Eat: Chunk             |       |     3 |     1 ||     4
       Ration            |       |     1 |       ||     1
Armor: Scale mail        |    36 |    45 |     1 ||    82
Dodge: Dodged            |    27 |    62 |       ||    89
Block: Shield            |    42 |    67 |     1 ||   110
